[Event "*** SCC Grand Prix: Titled Tuesday Blitz"]
[Site "Chess.com"]
[Date "2020.10.06"]
[Round "6"]
[White "nickmatta"]
[Black "davidkalashian"]
[Result "0-1"]
[WhiteElo "2389"]
[BlackElo "2583"]
[TimeControl "180+1"]
[EndTime "11:10:06 PDT"]
[Termination "davidkalashian won by resignation"]

1. d4 Nf6 2. c4 e6 3. Nc3 Bb4 4. Qc2 c5 5. dxc5 O-O 6. Nf3 Na6 7. g3 Nxc5 8. Bg2 b6 9. O-O Ba6 10. Na4 Rc8 11. a3 b5 12. axb4 Nxa4 13. c5 Bb7 14. b3 Nb6 15. Rxa7 Be4 16. Qd2 Nbd5 17. Bb2 d6 18. Rc1 dxc5 19. bxc5 b4 20. Be5 Bg6 21. Bd6 Ne4 22. Qb2 Nxd6 23. cxd6 Qxd6 24. Rxc8 Rxc8 25. Ne5 Nc3 26. Nxg6 hxg6 27. Bf3 Qc5 28. Ra1 Rd8 29. Qc2 Qe5 30. Re1 Qd4 31. Kg2 Qd2 32. Rc1 Qxc2 33. Rxc2 Rd1 34. Rb2 Rc1 35. Bc6 f5 36. Ba4 Kf7 37.
Rd2 Rd1 38. Rxd1 Nxd1 39. Kf3 Kf6 40. e3 Nc3 41. Bc6 e5 42. Kg2 e4 43. h4 g5 44.
hxg5+ Kxg5 45. Kf1 Kf6 46. Bd7 Na2 47. Bb5 Nc3 48.
Bc4 Ke5 49. Ke1 g5 50. Kd2 Kd6 51. Ke1 Ke5 52. Kd2 Nb1+ 53. Kc2 Na3+ 54. Kb2 f4 55. Bf7 fxg3 56. fxg3 Nb5 57. Kc2 Nc3 58. Kd2 Nb5 59.
Bc4 Nd6 60. Bg8 Nb7 61. Kc2 Nc5 62. Bc4 Nd7 63. Kd2 Nf6 64. Ke2 Nh5 65. Kf2 Ng7 66. Kg2 Ne8 67. Kf2 Nd6 68. Bg8 Nf5 69. Bc4 Nh6 70. Kg2 Ng4 71. Be2 Nxe3+ 72. Kh3 Nd5 73. Kg4 Nc3 74. Kxg5 Nxe2 75. Kh6 Nd4 76. g4 e3 77. g5 e2 78. g6 e1=Q 79. g7 Nf5+ 80. Kh7 Qh4+ 81. Kg8 Qe7 0-1

[Event "*** SCC Grand Prix: Titled Tuesday Blitz"]
[Site "Chess.com"]
[Date "2020.10.06"]
[Round "6"]
[White "andrzej"]
[Black "dopolian"]
[Result "0-1"]
[WhiteElo "2309"]
[BlackElo "2441"]
[TimeControl "180+1"]
[EndTime "11:10:08 PDT"]
[Termination "dopolian won by checkmate"]

1. e4 Nc6 2. Nf3 d6 3. d4 Bg4 4. Nc3 g6 5. Be2 Bg7 6. Be3 Nf6 7. O-O e5 8. d5 Ne7 9. Nd2 Bxe2 10. Qxe2 O-O 11. f4 exf4 12. Bxf4 Nd7 13. Nc4 Re8 14.
Qf3 a6 15. Bg5 f6 16. Bd2 b5 17. Ne3 Ne5 18. Qg3 Qd7 19. Rae1 Rf8 20. Ne2 f5 21. exf5 Nxf5 22. Nxf5 Rxf5 23. Nd4 Rxf1+ 24.
Rxf1 Rf8 25. Rxf8+ Bxf8 26. Ne6 Qf7 27. Bc3 Qf5 28. Bxe5 dxe5 29. Qf2 Bd6 30. b3 e4 31. Qxf5 gxf5 32. g3 Kf7 33. Kf2 Kf6 34. Ke3 Ke5 35.
c4 c6 36. Ng5 Bc5+ 37. Ke2 cxd5 38. cxd5 Kxd5 39. Nxh7 Be7 40. h4 Ke5 41. Ke3 Bc5+ 42. Ke2 Be7 43. Ke3 a5 44. a4 b4 45. Ke2 Ke6 46. Ke3 Bd6 47. Ng5+ Kf6 48. Kf2 Bc5+ 49. Ke2 Bd6 50. Kf2 Be5 51. Nh3 Ke6 52. Ng1 Bd4+ 53.
Kf1 Ke5 54. Ne2 Be3 55. Kg2 Bh6 56. Kf2 Kd5 57. Ke1 Be3 58. Kd1 Ke5 59. Ke1 Bh6 60.
Kf1 Bf8 61. Kg2 Be7 62. Kh3 Bf8 63. Kg2 Bh6 64. Kh3 e3 65. Kg2 Ke4 66. Ng1 Kd3 67. Kf3 Kc3 68. Ne2+ Kxb3 69. h5 Kxa4 70. g4 fxg4+ 71. Kxg4 b3 72. Kf5 b2 73. Kf6 Kb3 74. Kg6 b1=Q+ 75. Kxh6 Qb2 76. Kg5 Qxe2 77. h6 Qg2+ 78. Kf6 Qh2 79. Kg7 Qxh6+ 80. Kxh6 e2 81. Kg5 e1=Q 82. Kf4 a4 83. Kf5 a3 84. Kg6 a2 85.
Kh7 a1=Q 86. Kg6 Qab1+ 87. Kh6 Qbc1+ 88. Kh7 Qcd2 89. Kg7 Qdf2 90. Kh7 Qeg1 91. Kh6 Qfh2# 0-1

[Event "*** SCC Grand Prix: Titled Tuesday Blitz"]
[Site "Chess.com"]
[Date "2020.10.06"]
[Round "6"]
[White "sergoy"]
[Black "Joshukid"]
[Result "0-1"]
[WhiteElo "2861"]
[BlackElo "2722"]
[TimeControl "180+1"]
[EndTime "11:10:10 PDT"]
[Termination "Joshukid won on time"]

1. d4 g6 2. c4 Bg7 3. Nc3 d6 4. Nf3 e5 5. Bg5 f6 6. Bd2 Nc6 7. d5 Nce7 8. e4 f5 9. Ng5 h6 10. Ne6 Bxe6 11. dxe6 Qc8 12. c5 dxc5 13. Bc4 Nf6 14.
O-O c6 15. a4 f4 16. a5 O-O 17. Na4 Nxe4 18. Be1 Qc7 19. Qc2 Nd6 20. Nxc5 Nxc4 21.
Qxc4 Nd5 22. Rd1 Rfe8 23. Bb4 Rad8 24. Rd3 Bf8 25. Nd7 Bxb4 26. Rxd5 Re7 27. Rxe5 Bd6 28. Re4 Qxa5 29. Qd4 Bc7 30. Qf6 Qg5 31. Qc3 Qf5 32. Rfe1 Rdxd7 33. exd7 Rxe4 34. Rd1 Bd8 35. Qb3+ Qe6 36. Qc3 Qe7 37. h3 Re5 38. Qb3+ Qf7 39. Qxb7 Rd5 40. Rxd5 cxd5 41. Qc8 Qe7 42. Qc6 d4 43.
Qxg6+ Kf8 44. Qxh6+ Qg7 45. Qe6 Qe7 46. Qf5+ Qf6 47.
Qd5 Ke7 48. b3 Qd6 49. Qe4+ Kxd7 50. Qd3 Bf6 51. b4 Qxb4 52. Qf5+ Ke7 53. Qe4+ Kf7 54. Qh7+ Kf8 55. Qf5 Qd6 56. Qd3 Qe5 57. h4 a5 58. Qc4 Qe1+ 59. Kh2 Qxf2 60. Qc8+ Kg7 61. Qg4+ Kf8 62. Qc8+ Kf7 63. Qd7+ Kg6 64. Qg4+ Kh6 65.
Qe6 Qxh4+ 66. Kg1 Qg5 67. Qe8 Qe5 68. Qf8+ Bg7 69. Qc8 d3 70. Qc6+ Kg5 71. Qf3 Qe3+ 0-1

[Event "*** SCC Grand Prix: Titled Tuesday Blitz"]
[Site "Chess.com"]
[Date "2020.10.06"]
[Round "6"]
[White "mirceaparligras"]
[Black "DariaVoit"]
[Result "0-1"]
[WhiteElo "2653"]
[BlackElo "2515"]
[TimeControl "180+1"]
[EndTime "11:10:10 PDT"]
[Termination "DariaVoit won by resignation"]

1. d4 f5 2. Nc3 Nf6 3. Bg5 d5 4. Bxf6 gxf6 5. e3 Be6 6. Be2 c5 7. Bh5+ Bf7 8. Bxf7+ Kxf7 9. Qh5+ Kg7 10. Qxf5 cxd4 11.
exd4 Nc6 12. O-O-O Rg8 13. Nge2 Kh8 14. Nf4 Bh6 15. Kb1 Bxf4 16. Qxf4 Rxg2 17. Qf3 Qg8 18. Nxd5 Rd8 19. Nf4 Rg5 20. d5 Ne5 21. Qe2 Rg4 22. Ne6 Rd6 23. f4 Nd7 24. Qe3 Nb6 25. Qf3 Qg6 26.
f5 Qg8 27. b3 Nd7 28. Qe3 a5 29. c4 a4 30. Rhg1 axb3 31. axb3 Ne5 32. h3 Rg2 33. Nf4 Rg5 34. Ne6 Rg2 35. Nf4 Rg5 36. Rxg5 Qxg5 37. Qe4 Ra6 38. Ne6 Qg3 39. Qc2 Rb6 40. Nd4 h5 41. c5 Rb4 42. c6 bxc6 43. dxc6 Rb8 44. c7 Rc8 45. Ne6 Kh7 46. Rd8 Qg1+ 47. Qc1 Qb6 48.
Rxc8 Qxb3+ 49. Qb2 Qd1+ 50. Ka2 Qa4+ 51. Qa3 Qc2+ 52. Ka1 Qd1+ 53. Kb2 Nc4+ 54. Kc3 Nxa3 55. Rh8+ Kxh8 56. c8=Q+ Kh7 57. Nf8+ Kh6 58. Qe6 Qf3+ 59. Kb4 Nc2+ 60. Kc5 Qe3+ 61. Kc4 Qxe6+ 62. Nxe6 Ne3+ 63. Kd4 Nxf5+ 64. Ke4 Ng7 65. Nc7 Kg6 66. Nd5 e5 67. Ne7+ Kf7 68. Nd5 Ne6 69. Kf5 Nd4+ 70. Ke4 Kg6 71.
Ne7+ Kg5 72. Nd5 Nc6 73. Ne7 Nxe7 74. Kf3 f5 75. Kg2 e4 76. Kg3 f4+ 77. Kf2 Kf5 78.
Ke2 Ng6 79. Kf2 Kg5 80. Kg2 Kh4 81. Kf2 Kxh3 82. Ke2 Kg4 83. Kf2 e3+ 84. Ke2 Kg3 85.
Kd3 f3 86. Kd4 f2 0-1

[Event "*** SCC Grand Prix: Titled Tuesday Blitz"]
[Site "Chess.com"]
[Date "2020.10.06"]
[Round "6"]
[White "Vamostodorecto"]
[Black "AlexSuv"]
[Result "1-0"]
[WhiteElo "2374"]
[BlackElo "2487"]
[TimeControl "180+1"]
[EndTime "11:10:21 PDT"]
[Termination "Vamostodorecto won by resignation"]

1. d4 Nf6 2. c4 e6 3. Nc3 Bb4 4.
Nf3 c5 5. Bg5 O-O 6. e3 h6 7. Bh4 cxd4 8. exd4 d5 9. cxd5 exd5 10. Bd3 Re8+ 11. Ne5 Nc6 12. O-O Nxe5 13. dxe5 Rxe5 14. f4 Re8 15. Bxf6 Qxf6 16. Nxd5 Qd4+ 17. Kh1 Bc5 18. Nc7 Bd7 19. Nxa8 Rxa8 20. Rc1 Bc6 21.
Bh7+ Kh8 22. Bb1 Rd8 23. Qc2 Kg8 24. Rfe1 g6 25. Red1 Qf6 26. Rxd8+ Qxd8 27. Qxc5 Qd2 28. Rg1 h5 29. Qc3 Qf2 30. f5 g5 31. f6 h4 32. Bd3 h3 33. Bh7+ Kxh7 34. Qxh3+ Kg6 35. Qd3+ Kh6 36. Qc3 a6 37. a3 Kg6 38. h3 Be4 39. b4 Bf5 40. a4 Qf4 41. b5 g4 42.
bxa6 bxa6 43. Qe1 Qh6 44. Qg3 Kxf6 45. Kh2 Be6 46. Rf1+ Ke7 47. Qc7+ Kf8 48. Rd1 Kg7 49. Qe5+ Kf8 50. Rd8+ Ke7 51. Qd6+ Kf6 52. Qg3 gxh3 53. Qc3+ Kg6 54. Qg3+ Kf5 55. gxh3 Qc1 56. Qf2+ Kg6 57. Rd3 Kh7 58. Rg3 Qh6 59. Qc2+ Kh8 60. Qc3+ Kh7 61. Qd3+ Kh8 62. Qd4+ Kh7 63. Qe4+ Kh8 64. Qe5+ Kh7 65. Qe4+ Kh8 66. Rf3 Qd2+ 67. Kg3 Qd6+ 68. Rf4 Qa3+ 69. Qf3 Qe7 70. Qh5+ Kg8 71. Qe5 Qa3+ 72. Kh4 Qc1 73. Qg5+ Kf8 74. Rxf7+ Kxf7 75. Qxc1 Ke7 76. Qc5+ Kf6 77. Qb6 Ke5 78. Qxa6 Bf5 79. Qb5+ Kf4 1-0

[Event "*** SCC Grand Prix: Titled Tuesday Blitz"]
[Site "Chess.com"]
[Date "2020.10.06"]
[Round "6"]
[White "PavelShkapenko"]
[Black "SergeyKarjakin"]
[Result "0-1"]
[WhiteElo "2722"]
[BlackElo "2940"]
[TimeControl "180+1"]
[EndTime "11:10:22 PDT"]
[Termination "SergeyKarjakin won on time"]

1. e4 c6 2. d4 d5 3. exd5 cxd5 4.
Bd3 Nf6 5. c3 Nc6 6. Bf4 Bg4 7.
Qb3 Na5 8. Qa4+ Bd7 9. Qc2 a6 10. a4 Bg4 11. Nd2 e6 12. Ngf3 Be7 13. Ne5 Bh5 14. O-O Rc8 15. Ndf3 Bd6 16. Bg3 Nc6 17. Qb3 Na5 18. Qc2 Bg6 19. Nxg6 hxg6 20. Rae1 Qe7 21. Bxd6 Qxd6 22. h3 Nc6 23. Qb3 Rc7 24. Ne5 Nh5 25. Nxc6 Qxc6 26. Re3 Nf4 27. Rfe1 Kd8 28.
Bf1 Qd6 29. Qd1 Re7 30. Qg4 Kc7 31. Rf3 Nh5 32. Qg5 Nf6 33. Bd3 Kb8 34. Qf4 Qxf4 35.
Rxf4 Kc7 36. h4 Ne8 37. g3 Nd6 38. Kg2 Kb6 39. Rf3 Rc7 40. Rfe3 Ka5 41. Ra1 Rhc8 42. Rf3 Rd7 43. Kf1 Nc4 44. Bxc4 Rxc4 45. b3 Rc6 46.
Ke2 Kb6 47. Kd2 Kc7 48. Rh1 Kd6 49. h5 gxh5 50. Rxh5 g6 51. Rh7 Rcc7 52. Rf6 b5 53. a5 b4 54. cxb4 Rb7 55. g4 Rxb4 56. Kc3 Rdb7 57.
Rfxf7 Rxb3+ 58. Kc2 Rb2+ 59. Kc1 Rxf7 60. Rxf7 Rb4 61.
Ra7 Rxd4 62. Rxa6+ Ke5 63. Rb6 Rxg4 64. a6 Ra4 65. Kb2 d4 66. Kb3 Ra1 67. Kb4 Kf5 68. Rb5+ e5 69. Ra5 Rxa5 70. Kxa5 d3 71. a7 d2 72. a8=Q d1=Q 73. Qf8+ Kg4 74. Qf6 Qd2+ 75. Kb6 Qd4+ 76. Kc7 g5 77. Qe6+ Kf3 78. Qf5+ Qf4 79. Qc2 e4+ 80. Kd7 Kg2 81. f3+ Kxf3 82. Qd1+ Kf2 83.
Qc2+ Kg3 84. Qd1 Qg4+ 0-1

[Event "*** SCC Grand Prix: Titled Tuesday Blitz"]
[Site "Chess.com"]
[Date "2020.10.06"]
[Round "6"]
[White "Shield12"]
[Black "Jospem"]
[Result "0-1"]
[WhiteElo "2843"]
[BlackElo "2995"]
[TimeControl "180+1"]
[EndTime "11:10:23 PDT"]
[Termination "Jospem won by resignation"]

1. e4 e5 2. Nf3 Nc6 3. Bb5 a6 4. Bxc6 dxc6 5. O-O f6 6. d4 exd4 7. Nxd4 c5 8. Ne2 Qxd1 9. Rxd1 Bd7 10. Nbc3 O-O-O 11. Bf4 Ne7 12. Bg3 h5 13. h3 g5 14. Rd2 Bc6 15.
Rxd8+ Kxd8 16. Rd1+ Kc8 17. h4 Rg8 18. hxg5 fxg5 19.
Be5 b5 20. Ng3 b4 21. Nd5 h4 22. Nxe7+ Bxe7 23. Nf5 Bd8 24. f3 g4 25. Kf2 Re8 26. Bf4 Bf6 27. Be3 h3 28. gxh3 gxf3 29. Ng3 c4 30. b3 Bh4 31. Kxf3 Bxg3 32. Kxg3 Bxe4 33. bxc4 Bxc2 34. Re1 a5 35. h4 Bd3 36. c5 Bc4 37. a3 b3 38. Kf4 Bd5 39. Rb1 Re4+ 40. Kf3 Rxh4+ 41. Ke2 a4 42. Kd2 Rh2+ 43. Kc3 Be6 44. Kb4 Rh4+ 45. Kb5 Bc4+ 46. Ka5 Kb7 47. Rb2 Bd5 48. Kb5 Bc6+ 49. Ka5 Re4 50. Bd2 Rc4 51. Bb4 Rd4 52. Bc3 Re4 53. Bb4 Re8 54.
Bc3 Rd8 55. Kb4 Rf8 56. Rd2 Rg8 57. Bb2 Rg4+ 58. Rd4 Rg2 59. Bc3 b2 60. Rd1 Be4 61. c6+ Kxc6 62. Bxb2 Rxb2+ 63. Kc4 Rc2+ 64. Kd4 Bf5 65.
Rf1 Be6 66. Rf6 Kd6 67. Kd3 Rc5 68. Rf4 Rd5+ 69. Kc3 Bd7 70. Rf6+ Kc5 71. Rf7 c6 72. Rf4 Bf5 73. Rxa4 Rd3+ 74. Kb2 Rf3 75. Rb4 Be6 76.
Re4 Bd5 77. Rh4 Bc4 78. Rh5+ Bd5 79. Rh4 Kb5 80. Rb4+ Ka5 81. Rd4 Re3 82. Rb4 c5 83. Rb8 Bc6 84. Rc8 Kb5 85. Rb8+ Kc4 86. a4 Bxa4 0-1

[Event "*** SCC Grand Prix: Titled Tuesday Blitz"]
[Site "Chess.com"]
[Date "2020.10.06"]
[Round "6"]
[White "chessplayer9919"]
[Black "AlexOstrovskiy"]
[Result "1/2-1/2"]
[WhiteElo "2618"]
[BlackElo "2752"]
[TimeControl "180+1"]
[EndTime "11:10:26 PDT"]
[Termination "Game drawn by repetition"]

1. d4 Nf6 2. c4 e5 3. dxe5 Ng4 4. Nf3 Bc5 5. e3 Nc6 6. Nc3 O-O 7. Bd3 Re8 8. Ne4 Bb4+ 9. Bd2 Bxd2+ 10. Nexd2 Ngxe5 11. Nxe5 Nxe5 12. Be2 d5 13. cxd5 Qxd5 14. O-O Be6 15. Nf3 Rad8 16. Qa4 b6 17. Qxa7 Nxf3+ 18. Bxf3 Qe5 19. Bc6 Rf8 20. Qa3 Rd2 21. Qc3 Qxc3 22. bxc3 Bxa2 23. Rfd1 Rfd8 24. Rxd2 Rxd2 25. h3 Kf8 26.
Kf1 Ke7 27. Ke1 Rb2 28. Be4 g6 29. Rd1 Bc4 30. Rd2 Rb3 31. Rc2 f5 32. Bf3 Rb1+ 33.
Kd2 Rf1 34. h4 Rxf2+ 35. Kc1 Rxc2+ 36. Kxc2 Kd6 37. Kd2 Ke5 38. g4 fxg4 39. Bxg4 Be6 40. Bf3 Bd5 41. Bg4 h6 42. Bd7 Ke4 43. Ke2 Bc4+ 44.
Kd2 Kf3 45. Be8 g5 46. hxg5 hxg5 47. Bc6+ Kf2 48. Bd7 Be2 49. e4 g4 50. e5 g3 51.
Bh3 Bf1 52. Bxf1 Kxf1 53. e6 g2 54. e7 g1=Q 55. e8=Q Qf2+ 56. Kd3 Qf5+ 57. Kc4 Qc5+ 58. Kd3 Kf2 59. Qe2+ Kg3 60. Qe1+ Kf4 61. Qd2+ Kf5 62.
Qh2 Ke6 63. Qh6+ Kd7 64. Qh7+ Kc6 65. Qg6+ Qd6+ 66. Qxd6+ Kxd6 67. Kc4 Kc6 68. Kb4 Kd5 69. Kb5 Kd6 70. c4 Kd7 71. c5 bxc5 72. Kxc5 c6 73. Kc4 Kc7 74. Kc5 Kb7 75. Kc4 Kb6 76. Kb4 c5+ 77. Kc4 Kc6 78. Kc3 Kb5 79. Kb3 c4+ 80.
Kc3 Kc5 81. Kc2 Kb4 82. Kb2 Kc5 83. Kc3 Kd5 84. Kc2 Kd4 85. Kd2 c3+ 86. Kc2 Kc4 87. Kc1 Kb3 88. Kb1 Kb4 89. Kc2 Kc4 90. Kc1 Kd4 91. Kc2 Kc4 1/2-1/2

[Event "*** SCC Grand Prix: Titled Tuesday Blitz"]
[Site "Chess.com"]
[Date "2020.10.06"]
[Round "6"]
[White "Rakesh"]
[Black "Koksik_13"]
[Result "1/2-1/2"]
[WhiteElo "2498"]
[BlackElo "2661"]
[TimeControl "180+1"]
[EndTime "11:10:44 PDT"]
[Termination "Game drawn by repetition"]

1. e4 e6 2. d4 d5 3. Bd3 Nc6 4. c3 e5 5. Nf3 exd4 6. exd5 Qxd5 7. O-O Nf6 8. cxd4 Bg4 9. Nc3 Bxf3 10. Nxd5 Bxd1 11. Re1+ Be7 12. Nxc7+ Kd7 13. Nxa8 Bg4 14. Bf4 Rxa8 15. Rac1 Be6 16. Be5 Nd5 17. Bxg7 Rg8 18. Be5 Bd6 19. Bxh7 Rg5 20. Be4 Nxe5 21. dxe5 Rxe5 22.
g3 f5 23. Bf3 b6 24. Red1 f4 25. h4 fxg3 26. fxg3 Bc5+ 27. Kh2 Kd6 28. Rc2 Re3 29. Bxd5 Bxd5 30. Rcd2 Re5 31. g4 Kc6 32. Kg3 Bd6 33. h5 Re3+ 34. Kf2 Re5 35. h6 Bc5+ 36. Kg3 Re3+ 37. Kh4 Be7+ 38. g5 Re4+ 39. Kg3 Bxg5 40.
Rxd5 Bf4+ 41. Kf3 Rb4 42. R5d4 Rxd4 43. Rxd4 Bxh6 44. Rd3 Bg7 45. b3 Kc5 46. Ke2 a5 47. Kd1 Kb4 48. Kc2 b5 49. Kb1 a4 50. bxa4 bxa4 51.
Rf3 a3 52. Kc2 Bb2 53. Rb3+ Kc4 54. Rb8 Kc5 55. Kb3 Kc6 56. Kc4 Kc7 57. Re8 Kc6 58. Re4 Kd6 59. Kd3 Kd5 60. Rb4 Kc5 61. Rb3 Kd5 62. Rb5+ Kc6 63. Kc4 Bc1 64. Rc5+ Kd6 65. Kb5 Bb2 66. Rc4 Kd5 67. Rg4 Kd6 68. Kc4 Bc1 69.
Rg6+ Ke5 70. Kd3 Bb2 71. Rg5+ Kd6 72. Kc4 Ke6 73. Rd5 Ke7 74. Kc5 Ke6 75. Kc6 Ke7 76. Rd2 Bc1 77. Re2+ Kf6 78. Kd5 Bb2 79. Rf2+ Ke7 80.
Rf1 Bc3 81. Rf3 Bb2 82. Rf2 Bc1 83. Rf3 Bb2 84. Re3+ Kf6 85. Re2 Bc1 86. Rf2+ Ke7 87. Ke5 Bb2+ 88. Kd5 Bc1 1/2-1/2

[Event "*** SCC Grand Prix: Titled Tuesday Blitz"]
[Site "Chess.com"]
[Date "2020.10.06"]
[Round "6"]
[White "xamax2000"]
[Black "Aleksey_Sorokin"]
[Result "1/2-1/2"]
[WhiteElo "2668"]
[BlackElo "2816"]
[TimeControl "180+1"]
[EndTime "11:11:23 PDT"]
[Termination "Game drawn by stalemate"]

1. d4 Nf6 2. c4 g6 3. Nc3 d5 4. Nf3 Bg7 5. h4 c6 6. cxd5 cxd5 7. Bf4 Nc6 8. e3 O-O 9. Qb3 Na5 10. Qb4 Nc6 11.
Qb3 Na5 12. Qa3 Bf5 13. Ne5 Rc8 14. f3 a6 15. g4 Be6 16. h5 b5 17. Kf2 Nc4 18.
Bxc4 dxc4 19. Rad1 Qb6 20. Qb4 Rb8 21. h6 Bh8 22.
Qxe7 b4 23. Na4 Qa5 24. Nc6 Qxa4 25. Nxb8 Qxa2 26. Bd6 Rc8 27. Nc6 Qxb2+ 28. Kg3 Nd5 29. Qb7 Bf6 30. e4 Ne3 31. Rdg1 Re8 32. d5 Bc8 33. Qxb4 Qe2 34. Qe1 Qd3 35. Qf2 c3 36. Nb4 Qd4 37. Re1 Nc4 38. Qxd4 Bxd4 39. Bf4 a5 40.
Nc2 Bc5 41. Rd1 a4 42. d6 Be6 43. Rd5 Bxd5 44. exd5 Bxd6 45. Bxd6 Nxd6 46. Ra1 Ra8 47. Kf4 Kf8 48. Ke5 Ke7 49. Nb4 Kd7 50. Kd4 Nb5+ 51.
Kc4 Ra5 52. Nc6 Nd6+ 53. Kxc3 Rxd5 54. Nd4 Ra5 55. Kb4 Ra8 56. Rxa4 Rxa4+ 57. Kxa4 f6 58. Kb4 Nf7 59. Kc5 Nxh6 60. Kd5 Nf7 61. Ne6 Ke7 62.
f4 Nd6 63. Nd4 Ne8 64. Nc6+ Kf7 65. Nd4 Nc7+ 66. Ke4 Ne6 67. Nf3 Nc5+ 68. Ke3 Ke6 69. f5+ gxf5 70. Nd4+ Ke5 71. Nxf5 Ne6 72. Nh4 Ng5 73.
Ng2 Nh3 74. Ne1 Ng5 75. Nd3+ Ke6 76. Nf4+ Kf7 77. Nd3 Ne6 78. Kf3 Nd8 79. Kg3 Nc6 80. Nf4 Ne5 81. Nd5 Ng6 82. Ne3 Ke6 83. Nf5 Ke5 84. Ne3 Ke6 85. Nf5 Ne7 86. Ng7+ Kf7 87. Nh5 Nd5 88. Kf3 Kg6 89. Ng3 Nc7 90. Ne4 Ne6 91.
Kg3 h6 92. Nd6 Ng5 93. Nf5 h5 94. Nh4+ Kh6 95. gxh5 Kxh5 96. Nf5 Kg6 97. Ne3 Ne6 98.
Kf3 Nd4+ 99. Kg3 Nf5+ 100. Nxf5 Kxf5 101. Kf3 Ke5 102. Ke3 Kf5 103. Kf3 Kg5 104. Kg3 f5 105. Kf3 f4 106. Kf2 Kf5 107. Kf3 Kg5 108. Kf2 Kf5 109. Kf3 Ke5 110. Kf2 Ke4 111. Ke2 f3+ 112. Kf2 Kf4 113. Kf1 Kg4 114. Kf2 Kf4 115. Kf1 Kg5 116. Kf2 Kg4 117. Kf1 Kh3 118. Kf2 Kg4 119. Kf1 Kg3 120. Kg1 Kf4 121. Kf2 Ke4 122. Kf1 Ke3 123. Ke1 Kd3 124. Kf2 Ke4 125. Kf1 Ke3 126. Ke1 f2+ 127. Kf1 Kf3 1/2-1/2

[Event "*** SCC Grand Prix: Titled Tuesday Blitz"]
[Site "Chess.com"]
[Date "2020.10.06"]
[Round "6"]
[White "valeriocarnicelli"]
[Black "GoltsevDmitry2000"]
[Result "1/2-1/2"]
[WhiteElo "2545"]
[BlackElo "2701"]
[TimeControl "180+1"]
[EndTime "11:11:52 PDT"]
[Termination "Game drawn by 50-move rule"]

1. e4 c5 2. Nf3 e6 3. d4 cxd4 4.
Nxd4 a6 5. g3 Nc6 6. Nxc6 bxc6 7. Bg2 d5 8. O-O Nf6 9. Nd2 Bc5 10. c4 O-O 11. b3 Bd4 12. Rb1 Bb7 13. Bb2 Bxb2 14.
Rxb2 Qd6 15. Re1 e5 16. cxd5 cxd5 17. Nc4 Qc5 18. exd5 Rad8 19. Nxe5 Bxd5 20. Rd2 Rd6 21. Nd3 Qc3 22. Nf4 Bxb3 23. Rxd6 Bxd1 24. Rexd1 a5 25. Rd8 g5 26. Nd5 Nxd5 27. R8xd5 h6 28. Bf1 Re8 29. a4 Re1 30. Rxe1 Qxe1 31. Rc5 Kg7 32. Rc4 Kf6 33. h4 Kg6 34. Kg2 Qd2 35. Rc6+ Kg7 36. Rc4 f5 37. Rc7+ Kf8 38. Rc8+ Ke7 39. Rc4 Kd6 40.
h5 Qd1 41. Rc8 Qxh5 42. Ra8 Qg4 43. Rxa5 f4 44. Ra6+ Kc5 45. a5 h5 46. Rb6 h4 47.
Rb5+ Kc6 48. Rb3 hxg3 49. fxg3 Qf5 50. Bd3 Qxa5 51. Be4+ Kd6 52. gxf4 Qd2+ 53. Kh3 Qxf4 54. Bg2 Ke5 55. Bf3 Kf6 56. Bg4 Kg7 57. Rf3 Qd4 58.
Kg3 Kg6 59. Rf2 Qe3+ 60. Rf3 Qg1+ 61. Kh3 Kg7 62. Bf5 Kf6 63. Bd3+ Ke5 64. Rg3 Qf2 65.
Rxg5+ Kf4 66. Rg4+ Kf3 67. Be4+ Ke3 68. Bg2 Qe1 69.
Rg3+ Kd2 70. Rg4 Qa1 71. Re4 Qh8+ 72. Rh4 Qg7 73. Rg4 Qd7 74. Kg3 Ke3 75. Re4+ Kd3 76.
Bf3 Qd6+ 77. Kg2 Qf6 78. Rg4 Qf5 79. Rg3 Qf6 80. Bg4+ Kd4 81. Bf3 Ke5 82. Rg4 Qf8 83.
Re4+ Kd6 84. Re2 Kc5 85. Kf2 Qg7 86. Re4 Kd6 87. Re3 Qd4 88. Ke2 Qb2+ 89. Ke1 Kc5 90.
Re2 Qc1+ 91. Kf2 Kd4 92. Re4+ Kd3 93. Re2 Qh6 94. Be4+ Kd4 95. Bf3 Qf4 96. Kg2 Kd3 97. Re4 Qg5+ 98. Rg4 Qd2+ 99. Kg3 Qe1+ 100. Kf4 Kd4 101.
Kf5+ Kc5 102. Re4 Qf2 103. Kf4 Kd6 104. Re2 Qh4+ 105. Ke3 Ke5 106. Rd2 Qf4+ 107. Ke2 Qg3 108. Rd5+ Ke6 109.
Rd3 Qh2+ 110. Ke3 Ke5 111. Rd5+ Ke6 112. Rd3 Qg1+ 113. Ke4 Qf2 114. Re3 Kd6 115. Kf4 1/2-1/2

[Event "*** SCC Grand Prix: Titled Tuesday Blitz"]
[Site "Chess.com"]
[Date "2020.10.06"]
[Round "7"]
[White "kidagent"]
[Black "RobPeresian"]
[Result "0-1"]
[WhiteElo "2281"]
[BlackElo "2445"]
[TimeControl "180+1"]
[EndTime "11:13:42 PDT"]
[Termination "RobPeresian won by checkmate"]

1. e4 e5 2. Nf3 Nc6 3. Bb5 a6 4. Ba4 Nf6 5. O-O b5 6. Bb3 Bc5 7. d3 d6 8. a4 Rb8 9. axb5 axb5 10. c3 h6 11. d4 Bb6 12. dxe5 Nxe5 13. Nxe5 dxe5 14.
Qxd8+ Kxd8 15. Bxf7 Rf8 16. Bg6 Ng4 17. Be3 Nxe3 18. fxe3 Bxe3+ 19. Kh1 Rxf1# 0-1

[Event "*** SCC Grand Prix: Titled Tuesday Blitz"]
[Site "Chess.com"]
[Date "2020.10.06"]
[Round "7"]
[White "Gabrielian_Artur"]
[Black "valeriocarnicelli"]
[Result "1-0"]
[WhiteElo "2743"]
[BlackElo "2541"]
[TimeControl "180+1"]
[EndTime "11:14:17 PDT"]
[Termination "Gabrielian_Artur won by resignation"]

1. e4 c5 2. Nc3 Nc6 3. Bb5 Nd4 4. Bc4 g6 5. Nf3 Bg7 6. Nxd4 cxd4 7. Qf3 e6 8. Ne2 Ne7 9. c3 dxc3 10. dxc3 d5 11. exd5 exd5 12. Bb5+ Bd7 13. Bxd7+ Qxd7 14. O-O O-O 15.
Rd1 Rad8 16. Bg5 f6 17. Be3 a6 18. Bc5 Rfe8 19. Nf4 Qc6 20. Bxe7 Rxe7 21. Nxd5 Red7 22. Ne7+ 1-0

[Event "*** SCC Grand Prix: Titled Tuesday Blitz"]
[Site "Chess.com"]
[Date "2020.10.06"]
[Round "7"]
[White "Kira170"]
[Black "Kildepiotr"]
[Result "1-0"]
[WhiteElo "2780"]
[BlackElo "2595"]
[TimeControl "180+1"]
[EndTime "11:14:49 PDT"]
[Termination "Kira170 won by resignation"]

1. d4 c5 2. d5 e5 3. Nc3 d6 4. e4 Be7 5. Be2 Bg5 6. Nf3 Bxc1 7.
Qxc1 Ne7 8. Nd2 O-O 9. Nc4 a6 10.
a4 Ng6 11. g3 Bh3 12. a5 Qe7 13. Nb6 Ra7 14. Qe3 Nd7 15. Nc4 f5 16. exf5 Bxf5 17. O-O-O Nf6 18. f3 Raa8 19. h4 Rfe8 20. h5 Nf8 21. g4 Bd7 22. g5 1-0

[Event "*** SCC Grand Prix: Titled Tuesday Blitz"]
[Site "Chess.com"]
[Date "2020.10.06"]
[Round "7"]
[White "dopolian"]
[Black "Roman_Ovetchkin"]
[Result "0-1"]
[WhiteElo "2436"]
[BlackElo "2603"]
[TimeControl "180+1"]
[EndTime "11:14:57 PDT"]
[Termination "Roman_Ovetchkin won by resignation"]

1. e4 c6 2. Nc3 d5 3. Nf3 dxe4 4. Nxe4 Nf6 5. Ng3 c5 6. Bb5+ Nbd7 7. d4 Qa5+ 8. b4 Qxb4+ 9. Bd2 Qxb5 10. Rb1 Qc4 11. Nf5 e6 12. Ne3 Qa6 13. c4 cxd4 14. Nxd4 Bc5 15.
Nb5 Qc6 16. O-O O-O 17. Bc3 b6 18. Ng4 Bb7 19. Nxf6+ Nxf6 0-1

[Event "*** SCC Grand Prix: Titled Tuesday Blitz"]
[Site "Chess.com"]
[Date "2020.10.06"]
[Round "7"]
[White "chessmachine14"]
[Black "kot60"]
[Result "1-0"]
[WhiteElo "2289"]
[BlackElo "2417"]
[TimeControl "180+1"]
[EndTime "11:14:58 PDT"]
[Termination "chessmachine14 won by resignation"]

1. e4 e5 2. Nf3 Nc6 3. Bb5 a6 4. Ba4 d6 5. c3 Ne7 6. d4 Ng6 7. h4 Bd7 8. h5 Nge7 9. h6 g6 10. Bg5 Qb8 11. Bf6 Rg8 12. dxe5 Nxe5 13.
Nxe5 Bxa4 14. Qxa4+ b5 15. Qd4 c5 16. Qe3 dxe5 17.
Qxc5 Ra7 18. Nd2 Rd7 19. O-O-O Kd8 20. Nf3 1-0

[Event "*** SCC Grand Prix: Titled Tuesday Blitz"]
[Site "Chess.com"]
[Date "2020.10.06"]
[Round "7"]
[White "LogoCzar"]
[Black "serena-maria"]
[Result "0-1"]
[WhiteElo "2406"]
[BlackElo "2296"]
[TimeControl "180+1"]
[EndTime "11:15:08 PDT"]
[Termination "serena-maria won by resignation"]

1. e4 c5 2. Nf3 d6 3. d4 cxd4 4. Nxd4 Nf6 5. Nc3 g6 6. Be3 Bg7 7. f3 O-O 8. Qd2 Nc6 9. O-O-O Nxd4 10. Bxd4 Be6 11. Kb1 Qc7 12. Nd5 Bxd5 13. exd5 Rfc8 14.
Bd3 Nxd5 15. Bxg7 Kxg7 16. h4 Qb6 17. Ka1 Qe3 18. Qa5 Rc5 19. Qa4 Qf4 20. Qxf4 Nxf4 21. Be4 Nxg2 22. Bxb7 Rb8 23. Be4 Ne3 24. Rd2 Nc4 0-1

[Event "*** SCC Grand Prix: Titled Tuesday Blitz"]
[Site "Chess.com"]
[Date "2020.10.06"]
[Round "7"]
[White "Bastiandash"]
[Black "tmr88"]
[Result "1-0"]
[WhiteElo "2271"]
[BlackElo "2097"]
[TimeControl "180+1"]
[EndTime "11:15:08 PDT"]
[Termination "Bastiandash won by checkmate"]

1. d4 Nf6 2. Nf3 d5 3. c3 g6 4. Bg5 Bg7 5. Nbd2 O-O 6. e3 b6 7. Bd3 c5 8. O-O Bb7 9. Ne5 Nfd7 10. f4 f6 11. Nxd7 Nxd7 12. Bh4 Qc7 13. f5 Kf7 14.
fxg6+ hxg6 15. Qg4 f5 16. Bxf5 gxf5 17. Rxf5+ Ke8 18.
Qxg7 Rxf5 19. Qxe7# 1-0

[Event "*** SCC Grand Prix: Titled Tuesday Blitz"]
[Site "Chess.com"]
[Date "2020.10.06"]
[Round "7"]
[White "Lion-Al-Messi"]
[Black "PavelChernomordik"]
[Result "1-0"]
[WhiteElo "2528"]
[BlackElo "2355"]
[TimeControl "180+1"]
[EndTime "11:15:19 PDT"]
[Termination "Lion-Al-Messi won by resignation"]

1. e4 g6 2. Nf3 Bg7 3. d4 d6 4.
Bc4 e6 5. O-O b6 6. Bg5 Ne7 7.
Nc3 h6 8. Bh4 g5 9. Bg3 Ng6 10.
Qe2 h5 11. h4 g4 12. Ng5 Bxd4 13. Rad1 Bf6 14. e5 Nxe5 15. Bxe5 Bxe5 16. Qxe5 dxe5 17. Rxd8+ Kxd8 18. Nxf7+ Ke7 19. Nxh8 Kf6 20. f4 exf4 21. Rxf4+ Kg7 22. Rf7+ Kg8 23. Rxc7 Na6 24. Rxc8+ Rxc8 25. Bxe6+ Kxh8 26. Bxc8 Nc5 27. b4 1-0